 Dungeon Crawl Stone Soup version 0.28.0-53-g5a82cb258f (webtiles) character file.

Game seed: 900955612281965801

58 fictitious the Cutter (level 4, -1/41 HPs)
             Began as an Ogre Arcane Marksman on May 27, 2022.
             Killed by nerve-wracking pain
             ... invoked by Grinder
              (13 damage)
             ... on level 3 of the Dungeon.
             The game lasted 00:13:51 (2374 turns).

fictitious the Cutter (Ogre Arcane Marksman)        Turns: 2374, Time: 00:13:51

Health: -1/41      AC:  3    Str: 14    XL:     4   Next: 1%
Magic:  5/5        EV: 10    Int: 14    God:
Gold:   58         SH:  0    Dex: 11    Spells: 4/5 levels left

rFire   . . .      SeeInvis .   h - +0 short sword
rCold   . . .      Faith    .   (no shield)
rNeg    . . .      Spirit   .   W - +0 robe
rPois   .          Reflect  .   (helmet restricted)
rElec   .          Harm     .   (no cloak)
rCorr   .          Rampage  .   (gloves unavailable)
Will    .....                   (boots unavailable)
Stlth   +.........              (no amulet)
HPRegen 0.13/turn               (no ring)
MPRegen 0.09/turn               (no ring)

@: flying
A: large, unfitting armour, tough skin 1
a: no special abilities


You were on level 3 of the Dungeon.
You visited 1 branch of the dungeon, and saw 3 of its levels.

You collected 58 gold pieces.

Inventory:

Hand Weapons
 e - a +0 hunting sling
 f - a +0 club
 h - a +0 short sword (weapon)
 m - a +1 morningstar of protection
Missiles
 b - 71 stones (quivered)
Armour
 W - a +0 robe (worn)
Scrolls
 a - a scroll of noise {unknown}
 d - a scroll of teleportation {unknown}
 i - a scroll of identify {unknown}
 j - a scroll of fog {unknown}
Potions
 l - a potion of mutation {unknown}


   Skills:
 - Level 1.3 Fighting
 + Level 3.1 Short Blades
 - Level 2.0 Throwing
 - Level 1.7 Dodging
 - Level 1.2 Spellcasting
 - Level 2.6 Hexes


You had 4 spell levels left.
You knew the following spells:

 Your Spells              Type           Power      Damage    Failure   Level
a - Slow                  Hex            32%        N/A       9%          1

Your spell library contained the following spells:

 Spells                   Type           Power      Damage    Failure   Level
 Sting                    Tmut/Pois      0%         1d3       26%         1
 Confusing Touch          Hex            8%         N/A       26%         3
 Poisonous Vapours        Pois/Air       0%         N/A       36%         2
 Inner Flame              Hex/Fire       4%         N/A       41%         3
 Portal Projectile        Hex/Tloc       8%         N/A       41%         3
 Vampiric Draining        Necr           0%         2d6       61%         3
 Cause Fear               Hex            4%         N/A       65%         4
 Olgreb's Toxic Radiance  Pois           0%         N/A       95%         4


Dungeon Overview and Level Annotations

Branches:
Dungeon (3/15)

Altars:

Annotations:
D:3 Grinder


Innate Abilities, Weirdness & Mutations

You are too large for most types of armour.
You have tough skin. (AC +1)


Message History

You hit Grinder but do no damage.
Grinder is heavily wounded.
Grinder gestures at you. Pain shoots through your body!
You hit Grinder but do no damage.
Grinder is heavily wounded.
Grinder is no longer moving slowly.
Grinder hits you but does no damage.
You hit Grinder but do no damage.
Grinder is heavily wounded.
Grinder says, "Make like a tree!"
Grinder misses you.
You closely miss Grinder.
Grinder is heavily wounded.
You hit Grinder but do no damage.
Grinder is heavily wounded.
Grinder closely misses you.
You hit Grinder.
Grinder is severely wounded.
Grinder gestures at you. You resist with significant effort.
You barely miss Grinder.
Grinder is severely wounded.
Grinder hits you!
You completely miss Grinder. You punch Grinder, but do no damage.
Grinder is severely wounded.
Grinder hits you but does no damage.
You hit Grinder but do no damage.
Grinder is severely wounded.
Grinder hits you!
You writhe in agony.
* * * LOW HITPOINT WARNING * * *
Okay, then.
It was a potion of flight.
You feel very buoyant.
You fly up into the air.
Grinder gestures at you. Pain shoots through your body!
You die...

#......#
#.##...+
#.#....+
#......#
###...##
#....#
#....####++##
#...5......(.
#....@.?..(..
##.....######
#.....#
#.....#
#.....#
#######


You could see Grinder.

Vanquished Creatures
  A gnoll (D:1)
  5 dart slugs
  2 bats
  5 endoplasms
  2 giant cockroaches
  3 hobgoblins
  5 kobolds
  2 quokkas
  2 ball pythons
  3 frilled lizards
  A goblin (D:1)
  8 rats
39 creatures vanquished.

Notes
Turn   | Place    | Note
-------+----------+-------------------------------------------
     0 | D:1      | fictitious the Ogre Arcane Marksman began the quest for the
                  | Orb.
     0 | D:1      | Reached XP level 1. HP: 19/19 MP: 2/2
    85 | D:1      | Reached skill level 1 in Short Blades
    93 | D:1      | You fall into a shaft and drop 1 floor!
   357 | D:2      | Reached XP level 2. HP: 27/27 MP: 3/3
   802 | D:2      | Reached skill level 2 in Short Blades
  1120 | D:1      | Found a faded altar of an unknown god.
  1252 | D:1      | Reached XP level 3. HP: 33/33 MP: 4/4
  1910 | D:2      | Reached skill level 3 in Short Blades
  2313 | D:3      | Reached XP level 4. HP: 41/41 MP: 5/5
  2357 | D:3      | Noticed Grinder
  2374 | D:3      | Killed from afar by Grinder

Illustrated notes

Levels and vault maps discovered:
D:1:      erik_arrival_blinker_ship, layout_rooms,
          hellmonk_ecumenical_altar_crossroads
D:2:      layout_loops_ring
D:3:      layout_basic, kennysheep_generic_room_6, uniq_natasha, uniq_grinder,
          uniq_robin

Skill      XL: |  1  2  3 |
---------------+----------+-----
Short Blades   | 1 2 3 |  3.1
Fighting       | |  1.3
Throwing       | |  2.0
Dodging        | |  1.7
Spellcasting   | |  1.2
Hexes          | |  2.6

Action                   |  1- 3 |  4- 6 || total
-------------------------+-------+-------++-------
Melee: Unarmed           |    18 |       ||    18
       Punch             |     3 |     1 ||     4
       Club              |    41 |       ||    41
       Short sword       |    43 |    10 ||    53
Throw: Large rock        |    19 |     3 ||    22
       Stone             |    45 |     1 ||    46
       Throwing net      |     2 |     2 ||     4
 Cast: Slow              |       |     1 ||     1
  Use: Potion            |       |     1 ||     1
Armor: Robe              |    34 |     3 ||    37
Dodge: Dodged            |    65 |     3 ||    68
